 Dungeon Crawl Stone Soup version 0.31.0-9-g3a7656b989 (webtiles) character file.

Game seed: 5824256177627152026

1633 Killerpretzel the Gusty (level 8, 36/36 HPs)
             Began as a Felid Air Elementalist on Feb 3, 2024.
             Quit the game on level 5 of the Dungeon.
             The game lasted 00:24:03 (8250 turns).

Killerpretzel the Gusty (Felid Air Elementalist)    Turns: 8250, Time: 00:24:03

Health: 36/36      AC:  2    Str:  4    XL:     8   Next: 66%
Magic:  15/15      EV: 21    Int: 21    God:
Gold:   223        SH:  0    Dex: 17    Spells: 6/16 levels left
                                        Lives:  1   Deaths: 2

rFire   . . .        (weapon unavailable)
rCold   . . .        (shield unavailable)
rNeg    . . .        (body armour unavailable)
rPois   .            (helmet unavailable)
rElec   .            (cloak unavailable)
rCorr   .            (gloves unavailable)
SInv    +            (boots unavailable)
Will    +....        (no amulet)
Stlth   ++           (no ring)
HPRegen 0.26/turn    (no ring)
MPRegen 0.14/turn

%: no passive effects
@: no status effects
A: very small, claws 1, fangs 3, see invisible, shaggy fur 2, stealthy paws, no
weapons or thrown items, no armour, multi-lived
a: no special abilities


You were on level 5 of the Dungeon.
You visited 1 branch of the dungeon, and saw 5 of its levels.

You collected 223 gold pieces.

Inventory:

Wands
 h - a wand of flame (33)
 i - a wand of polymorph (7)
 n - a wand of light (6)
Scrolls
 e - a scroll of vulnerability {unknown}
 f - 3 scrolls of teleportation
 m - a scroll of enchant armour {unknown}
Potions
 a - a potion of cancellation
 b - a potion of berserk rage
 c - a potion of enlightenment {unknown}
 d - 2 potions of lignification
 g - a potion of ambrosia {unknown}
 j - a potion of curing {unknown}
 k - a potion of mutation {unknown}
 l - a potion of magic


   Skills:
 + Level 6.5 Dodging
 - Level 2.6 Stealth
 + Level 4.6 Spellcasting
 + Level 4.1 Conjurations
 - Level 5.0 Translocations
 * Level 6.6 Air Magic


You had 6 spell levels left.
You knew the following spells:

 Your Spells              Type           Power      Damage    Failure   Level
a - Shock                 Conj/Air       100%       1d9       1%          1
b - Static Discharge      Conj/Air       54%        3-6/arc   1%          2
c - Airstrike             Air            16%        2d(3-19)  8%          4
d - Teleport Other        Tloc           25%        N/A       4%          3

Your spell library contained the following spells:

 Spells                   Type           Power      Damage    Failure   Level
 Lesser Beckoning         Tloc           50%        N/A       2%          2
 Swiftness                Air            32%        N/A       2%          3
 Gell's Gravitas          Tloc           25%        N/A       4%          3
 Stone Arrow              Conj/Erth      26%        3d8       14%         3
 Lehudib's Crystal Spear  Conj/Erth      6%         10d3      100%        8
 Animate Armour           Summ/Erth      Unusable   N/A       N/A         4

Dungeon Overview and Level Annotations

Branches:
Dungeon (5/15)
 Temple: D:4-7

Altars:
Elyvilon
Makhleb
Ru
Xom
The Shining One

Annotations:
D:1 fly
D:2 1 runed translucent door, exclusion: door, Crazy Yiuf


Innate Abilities, Weirdness & Mutations

You have sharp claws.
You have razor-sharp teeth.
You have supernaturally acute eyesight. (SInv)
You are covered in thick fur. (AC +2)
Your paws help you pounce on unaware monsters.
You are incapable of wielding weapons or throwing items.
You cannot wear armour.
You gain extra lives every three experience levels.


Message History

Confirm with . or Enter, or press ? or * to list all spells.
Aiming: Shock (safe; 1% risk of failure)
Press: ? - help, Shift-Dir - straight line, f - dart slug
Aim: a dart slug (asleep, 100% to hit)
The zap hits the dart slug.
The dart slug is lightly wounded.
Casting: Shock (safe; 1% risk of failure)
Confirm with . or Enter, or press ? or * to list all spells.
Aiming: Shock (safe; 1% risk of failure)
Press: ? - help, Shift-Dir - straight line, f/p - dart slug
Aim: a dart slug (lightly wounded, 100% to hit)
The zap hits the dart slug!
You kill the dart slug!
No target in view!
You open the door.
There is an open door here.
There is an open door here.
There is an open door here.
Things that are here:
a +0 battleaxe; a +0 robe
There is an open door here.
You open the door.
There is an open door here.
There is an open door here.
There is an open door here.
There is a sacrificial altar of Ru here.
There is an open door here.
There is an open door here.
There is an open door here.
You open the door.
There is an open door here.
Done exploring.
No target in view!
Done exploring.
Search for what [? for help]? .
Unknown command.
Okay, then.
Are you sure you want to abandon this character and quit the game? (Confirm with "yes".)
Okay, then.
Are you sure you want to abandon this character and quit the game? (Confirm with "yes".)

#..### #...# #..........
##...#### #...# #..........
##......####...########..........
###...................'..........
# ######....###########..........
# ####.# ###########...... #
#.#####........###....# #
##.##≈##........###....# #
#....≈.@.........##...(# #
#...~≈##.........##....# #######
#....≈##.........##....# ......#
##.~.≈##....[....##....# ......#
##~.≈.+........###.)..# ......#
#.#≈##................ ......#
#.####).......######## #######
#.#######'##### # #####'#....##.#


There were no monsters in sight!

Vanquished Creatures
  2 black bears
  An ogre (D:4)
  3 phantoms
  A kobold brigand (D:5)
  4 scorpions
  5 wights (D:5)
  2 howler monkeys (D:5)
  A bombardier beetle (D:5)
  A jelly (D:5)
  A gnoll bouda (D:3)
  An orc priest (D:3)
  2 hounds
  An iguana (D:4)
  An orc wizard (D:3)
  Robin (D:3)
  9 gnolls
  6 adders
  3 dart slugs
  2 ribbon worms
  6 orcs
  7 ball pythons
  6 bats
  7 endoplasms
  5 giant cockroaches
  15 goblins
  10 hobgoblins
  6 jackals (D:1)
  18 kobolds
  2 quokkas (D:1)
  3 frilled lizards
  2 rats
134 creatures vanquished.

Vanquished Creatures (others)
  A quokka (D:4)
1 creature vanquished.

Grand Total: 135 creatures vanquished

Notes
Turn   | Place    | Note
-------+----------+-------------------------------------------
     0 | D:1      | Killerpretzel the Felid Air Elementalist began the quest
                  | for the Orb.
     0 | D:1      | Reached XP level 1. HP: 9/9 MP: 4/4
    59 | D:1      | Reached skill level 1 in Conjurations
   275 | D:1      | Reached XP level 2. HP: 13/13 MP: 4/6
   278 | D:1      | Learned a level 2 spell: Static Discharge
   991 | D:1      | Reached XP level 3. HP: 5/16 MP: 1/7
  1337 | D:1      | Learned a level 3 spell: Teleport Other
  2250 | D:2      | Identified the +1 hammer "Qejo" {flame, rElec Str+2 Dex+3
                  | Stlth+}
  2252 | D:2      | Found a runed translucent door.
  2253 | D:2      | Noticed Crazy Yiuf
  2785 | D:3      | Reached XP level 4. HP: 16/21 MP: 0/8
  2785 | D:3      | Gained a life (2 lives remaining)
  2969 | D:3      | Noticed Robin
  2975 | D:3      | Reached skill level 1 in Translocations
  3669 | D:3      | Reached XP level 5. HP: 16/24 MP: 5/10
  3823 | D:3      | Found a shimmering altar of Xom.
  3893 | D:3      | Slain by a gnoll
  3893 | D:3      | Lost a life (1 life remaining)
  4004 | D:3      | Slain by a gnoll bouda
  4004 | D:3      | Lost a life (0 lives remaining)
  4044 | D:3      | Found a glowing golden altar of the Shining One.
  4204 | D:3      | Killed Robin
  4388 | D:4      | Noticed a phantom
  4395 | D:4      | Noticed a phantom
  4465 | D:3      | Learned a level 4 spell: Airstrike
  4496 | D:4      | Gained mutation: You are covered in thick fur. (AC +2)
                  | [Felid growth]
  4496 | D:4      | Reached XP level 6. HP: 28/28 MP: 5/11
  4998 | D:4      | Reached XP level 7. HP: 3/32 MP: 0/13
  4998 | D:4      | Gained a life (1 life remaining)
  5309 | D:4      | Reached skill level 5 in Air Magic
  5424 | D:4      | Reached skill level 5 in Dodging
  5623 | D:4      | Found a white marble altar of Elyvilon.
  5978 | D:5      | Entered Level 5 of the Dungeon
  6715 | D:1      | Identified a scroll of acquirement
  6715 | D:1      | Acquired 1063 gold pieces
  6942 | D:5      | Reached XP level 8. HP: 36/36 MP: 9/15
  7171 | D:5      | Reached skill level 5 in Translocations
  7397 | D:5      | Found a sacrificial altar of Ru.
  7713 | D:5      | Found a burning altar of Makhleb.
  8250 | D:5      | Quit the game

Illustrated notes

Levels and vault maps discovered:
D:1:      sevenhm_arrival_forest_fort_large_4, layout_loops_corners,
          corexii_item_surrounded_by_moat
D:2:      layout_loops_ring, serial_glass, glass_columns_b, glass_columns_a,
          glass_columns_c, glass_columns_a, glass_columns_a, glass_columns_a,
          minmay_misc_feat_room, uniq_crazy_yiuf_cottage
D:3:      layout_loops_ring, mainiacjoe_overflow_big_doors, minmay_ruptured,
          uniq_robin
D:4:      layout_basic, elyvilon_altar_4
D:5:      layout_basic, kennysheep_little_box,
          mainiacjoe_overflow_six_doors_small, chequers_serial_rivers_micro_e

Skill      XL: |  1  2  3  4  5  6  7  8 |
---------------+-------------------------+-----
Conjurations   | 1 2 3 4 |  4.1
Dodging        | 3 4 5 6 |  6.5
Air Magic      | 3 4 5 6 |  6.6
Translocations | 1 2 3 4 5 |  5.0
Spellcasting   | 3 4 |  4.6
Stealth        | |  2.6

Action                     |  1- 3 |  4- 6 |  7- 9 || total
---------------------------+-------+-------+-------++-------
  Melee: Unarmed           |     9 |    24 |     1 ||    34
         Punch             |       |     1 |       ||     1
         Bite              |       |     2 |       ||     2
   Cast: Shock             |    59 |    58 |    86 ||   203
         Static Discharge  |    25 |    38 |    31 ||    94
         Airstrike         |       |     2 |     6 ||     8
  Evoke: Wand              |       |     2 |     4 ||     6
    Use: Scroll            |     4 |     1 |     5 ||    10
         Potion            |     1 |       |       ||     1
 Armour: Skin              |    37 |    62 |    42 ||   141
  Dodge: Dodged            |    35 |    60 |    30 ||   125
